 Dungeon Crawl Stone Soup version 0.17-a0-372-gcac7fed (webtiles) character file.

15 MackTheKnife the Vexing (level 2, 0/17 HPs)
             Began as an Octopode Wanderer on Apr 2, 2015.
             Slain by a hobgoblin (3 damage)
             ... on level 1 of the Dungeon.
             The game lasted 00:00:47 (819 turns).

MackTheKnife the Vexing (Octopode Wanderer)          Turns: 819, Time: 00:00:48

Health: 0/17       AC:  1    Str: 10    XL:     2   Next: 50%
Magic:  4/4        EV: 10    Int: 12    God:
Gold:   51         SH:  4    Dex: 14    Spells: 0 memorised, 5 levels left

rFire  . . .     SeeInvis .     e - +0 dagger
rCold  . . .     Clarity  .     c - +0 buckler
rNeg   . . .     SustAb   .     (helmet restricted)
rPois  .         Gourm    .     (no amulet)
rElec  .         Spirit   .     (no ring)
rCorr  .         Warding  .     (no ring)
rMut   .         Stasis   .     (no ring)
MR     .....                    (no ring)
Stlth  ++++......               (no ring)
                                (no ring)
                                (no ring)
                                (no ring)

@: not resistant to hostile enchantments, stealthy
A: almost no armour, amphibious, 8 rings, constrict 8, camouflage 1, gelatinous
body 1
a: no special abilities


You were on level 1 of the Dungeon.
You were not hungry.

You visited 1 branch of the dungeon, and saw 1 of its levels.

You collected 51 gold pieces.

Inventory:

Hand weapons
 e - a +0 dagger (weapon)
Armour
 c - a +0 buckler (worn)
Scrolls
 d - a scroll of identify {unknown}
 h - a scroll of remove curse {unknown}
 i - a scroll of enchant weapon {unknown}
Potions
 b - a potion of lignification {!q}
 g - a potion of haste {unknown}
Books
 a - a book of Minor Magic
Comestibles
 f - a bread ration {@e1}


   Skills:
 + Level 3.5 Stealth
 - Level 1.0 Shields
 - Level 2.0 Spellcasting
   Level 4.0 Hexes
   Level 2.0 Fire Magic


You had 5 spell levels left.
You didn't know any spells.

Dungeon Overview and Level Annotations

Branches:
Dungeon (1/15)

Altars:


Innate Abilities, Weirdness & Mutations

You cannot wear most types of armour.
You are amphibious.
You can wear up to eight rings at the same time.
You can use your tentacles to constrict eight enemies at once.
Your skin changes colour to match your surroundings (Stealth).
Your rubbery body absorbs attacks (AC +1).


Message History

You kill the bat!
No target in view!
No target in view!
A rat comes into view.
A rat is nearby!
A rat is nearby!
The rat bites you.
You take 3 damage, and have 12/17 hp.
You closely miss the rat. Your grab misses the rat. The rat bites you.
You take 1 damage, and have 11/17 hp.
You hit the rat but do no damage. You grab the rat. You squeeze the rat.
You kill the rat!
No target in view!
No target in view!
You start resting.
A rat comes into view.
You regained 4 hp, and now have 15/17 hp.
A rat is nearby!
A rat is nearby!
You barely miss the rat. Your grab misses the rat. You block the rat's attack.
You hit the rat.
You kill the rat!
No target in view!
No target in view!
A hobgoblin comes into view. It is wielding a club.
A hobgoblin is nearby!
A hobgoblin is nearby!
The helpless hobgoblin fails to defend itself.
You hit the hobgoblin. Your grab misses the hobgoblin.
The hobgoblin hits you but does no damage.
You closely miss the hobgoblin. You grab the hobgoblin.
You constrict the hobgoblin.
You kill the hobgoblin!
You see here a club.
You now have 45 gold pieces (gained 7).
A hobgoblin comes into view. It is wielding a club.
A hobgoblin is nearby!
A hobgoblin is nearby!
A hobgoblin is nearby!
Health restored: 17 No target in view!
No target in view!
No target in view!
A hobgoblin is nearby!
No target in view!
No target in view!
No target in view!
What do you say? t - Shout!
Orders for allies: a - Attack new target. r - Retreat! s - Stop attacking. w - Wait here. f - Follow me.
Anything else - Stay silent.
You shout for attention!
You hear a shout!
You block the hobgoblin's attack.
You barely miss the hobgoblin. You grab the hobgoblin.
You constrict the hobgoblin, but do no damage.
The hobgoblin hits you with a club.
You take 2 damage, and have 15/17 hp.
You hit the hobgoblin.
You constrict the hobgoblin, but do no damage.
The hobgoblin barely misses you.
You hit the hobgoblin.
You squeeze the hobgoblin, but do no damage.
You constrict the hobgoblin, but do no damage.
The hobgoblin hits you with a club.
You take 1 damage, and have 14/17 hp.
You hit the hobgoblin but do no damage.
You squeeze the hobgoblin, but do no damage.
You constrict the hobgoblin, but do no damage.
The hobgoblin barely misses you.
You hit the hobgoblin but do no damage. You constrict the hobgoblin.
You kill the hobgoblin!
You now have 51 gold pieces (gained 6).
There is a stone staircase leading down here.
Things that are here:
a club; a chain mail; a hobgoblin corpse No target in view!
A hobgoblin comes into view.
A hobgoblin is nearby!
A hobgoblin is nearby!
A hobgoblin is nearby!
The hobgoblin shouts!
You closely miss the hobgoblin. Your grab misses the hobgoblin.
The hobgoblin hits you.
You take 4 damage, and have 11/17 hp.
MASSIVE DAMAGE!!
You barely miss the hobgoblin. Your grab misses the hobgoblin.
You squeeze the hobgoblin, but do no damage.
The hobgoblin hits you.
You take 4 damage, and have 7/17 hp.
MASSIVE DAMAGE!!
Your shield prevents you from hitting the hobgoblin.
You grab the hobgoblin. You constrict the hobgoblin. The hobgoblin hits you.
* * * LOW HITPOINT WARNING * * *
You take 4 damage, and have 3/17 hp.
MASSIVE DAMAGE!!
You hit the hobgoblin but do no damage. You constrict the hobgoblin.
The hobgoblin hits you.
You die...

♣♣♣♣
#.................
#...........##.###
#.................
#.####......##.###
#.# #...#.###.#
#.# #...#.###.###
#.# ##..#.#.....#
#.# ..#.#)#.###
#@# #.#.# #g#
#.##### #.#
#...... .?.
####### #.# ...
#.# #.# #.#


You could see a hobgoblin.

Vanquished Creatures
  3 bats (D:1)
  3 goblins (D:1)
  3 hobgoblins (D:1)
  A giant gecko (D:1)
  4 rats (D:1)
14 creatures vanquished.

Notes
Turn   | Place    | Note
--------------------------------------------------------------
     0 | D:1      | MackTheKnife, the Octopode Wanderer, began the quest for the Orb.
     0 | D:1      | MackTheKnife set off with: a book of Minor Magic, a potion of lignification {!q}, a +0 buckler, a +0 dagger, a bread ration {@e1}
     0 | D:1      | Reached XP level 1. HP: 11/11 MP: 3/3
    35 | D:1      | Reached skill level 2 in Stealth
   210 | D:1      | Reached skill level 3 in Stealth
   210 | D:1      | Reached XP level 2. HP: 10/17 MP: 4/4
   818 | D:1      | HP: 3/17 [hobgoblin (4)]
   819 | D:1      | Slain by a hobgoblin

Action                   || total
-------------------------++-------
Melee: Dagger            ||    37
 Stab: Sleeping          ||     2

Vault maps used:
D:1:      roderic_dead_forest, amethyst_killhole

Table legend:
 A = Turns spent in this place as a percentage of turns spent in the entire game.
 B = Non-inter-level travel turns spent in this place as a percentage of non-inter-level travel turns spent in the entire game.
 C = Inter-level travel turns spent in this place as a percentage of turns spent in this place.
 D = Turns resting spent in this place as a percentage of non-inter-level travel turns spent in this place.
 E = Turns spent auto-exploring this place as a percentage of non-inter-level travel turns spent in this place.
 F = Non-inter-level travel turns spent in this place divided by the number of levels of this place that you've seen.
                   A       B       C       D       E      F
               +-------+-------+-------+-------+-------+----------------------
         Total | 100.0 | 100.0 |   0.0 |   3.9 |  12.2 | 181.0
       Dungeon | 100.0 | 100.0 |   0.0 |   3.9 |  12.2 | 181.0
               +-------+-------+-------+-------+-------+----------------------

Table legend:
 A = Kills in this place as a percentage of kills in entire the game.
 B = Kills by you in this place as a percentage of kills by you in the entire game.
 C = Kills by friends in this place as a percentage of kills by friends in the entire game.
 D = Other kills in this place as a percentage of other kills in the entire game.
 E = Experience gained in this place as a percentage of experience gained in the entire game.
 F = Experience gained in this place divided by the number of levels of this place that you have seen.
                   A       B       C       D       E      F
               +-------+-------+-------+-------+-------+----------------------
         Total | 100.0 | 100.0 |  -nan |  -nan | 100.0 |  22.0
       Dungeon | 100.0 | 100.0 |  -nan |  -nan | 100.0 |  22.0
               +-------+-------+-------+-------+-------+----------------------
